 Dungeon Crawl Stone Soup version 0.31.0-11-ge490571c62 (webtiles) character file.

Game seed: 4599166968766170633

203 sanka the Cudgeller (level 5, 0/46 HPs)
             Began as a Minotaur Fighter on Jan 27, 2024.
             Succumbed to a scorpion's poison
             ... on level 4 of the Dungeon.
             The game lasted 00:03:56 (2904 turns).

sanka the Cudgeller (Minotaur Fighter)              Turns: 2904, Time: 00:03:56

Health: 0/46       AC: 14    Str: 20    XL:     5   Next: 51%
Magic:  4/4        EV:  5    Int:  5    God:
Gold:   171        SH:  4    Dex: 12    Spells: 4/4 levels left

rFire   + . .        a - +0 flail
rCold   + . .        c - +0 buckler
rNeg    . . .        u - +0 plate armour
rPois   +            (helmet restricted)
rElec   +            f - +0 cloak
rCorr   +            q - +1 pair of gloves
SInv    .            (no boots)
Will    .....        (no amulet) Stlth
                     (no ring)
HPRegen 0.27/turn    (no ring)
MPRegen 0.09/turn

%: no passive effects
@: lethally poisoned (0 -> -7), resistant
A: horns 2, retaliatory headbutt
a: no special abilities


You were on level 4 of the Dungeon.
You visited 1 branch of the dungeon, and saw 4 of its levels.

You collected 171 gold pieces.


Innate Abilities, Weirdness & Mutations

You have a pair of horns on your head.
You reflexively headbutt those who attack you in melee.


   Skills:
 - Level 4.0 Fighting
 + Level 6.9 Maces & Flails
 - Level 3.6 Armour
 - Level 3.6 Shields


You had 4 spell levels left.
You didn't know any spells.
Your spell library was empty.

Inventory:

Hand Weapons
 a - a +0 flail (weapon)
Armour
 c - a +0 buckler (worn)
 f - a +0 cloak (worn)
 h - a +0 tower shield
 q - a +1 pair of gloves (worn)
 u - a +0 plate armour (worn)
Wands
 s - a wand of paralysis (9)
Scrolls
 e - 5 scrolls of fear {unknown}
 k - a scroll of teleportation {unknown}
 l - 2 scrolls of noise {unknown}
 n - a scroll of enchant armour {unknown}
 p - a scroll of amnesia {unknown}
 t - 2 scrolls of identify {unknown}
Potions
 b - a potion of lignification {unknown}
 d - a potion of might
 g - a potion of degeneration {unknown}
 i - a potion of enlightenment {unknown}
 j - a potion of resistance
 o - a potion of curing {unknown}

Dungeon Overview and Level Annotations

Branches:
Dungeon (4/15)
 Temple: D:4-7

Altars:

Shops:
D:1

! ▒....
▒.▒▒▒▒.▒▒▒
▒......▒▒▒
▒▒▒▒▒.▒.▒▒
▒..▒▒▒.▒ ▒.▒.▒.▒▒
.▒▒▒▒▒▒ ▒.▒▒.▒▒
.......▒▒▒▒▒▒▒
▒.▒▒▒▒
▒....H.....▒▒▒▒.▒
▒.▒▒s▒▒▒▒▒...<..▒
▒. ▒▒▒▒▒▒▒▒ ▒. ▒.
<. ▒▒


You could see a scorpion.


Message History

The scorpion poisons you!
Unknown command.
You closely miss the scorpion.
The scorpion is severely wounded.
* * * LOW HITPOINT WARNING * * *
You feel very sick. The scorpion stings you.
* * * LOW HITPOINT WARNING * * *
You barely miss the scorpion.
The scorpion is severely wounded.
* * * LOW HITPOINT WARNING * * *
You feel very sick. The scorpion barely misses you.
Unknown command.
You hit the scorpion but do no damage.
The scorpion is severely wounded.
* * * LOW HITPOINT WARNING * * *
You feel very sick. The scorpion closely misses you.
The scorpion closely misses you.
It was a potion of resistance.
You feel protected.
* * * LOW HITPOINT WARNING * * *
You feel sick. The scorpion closely misses you. You furiously retaliate!
You headbutt the scorpion.
It was a potion of magic.
Magic courses through your body.
You die...

Action                     |  1- 3 |  4- 6 || total
---------------------------+-------+-------++-------
  Melee: Flail             |    87 |    60 ||   147
         Headbutt          |     8 |     8 ||    16
    Use: Potion            |       |     2 ||     2
 Armour: Scale mail        |    51 |    26 ||    77
         Plate armour      |       |    18 ||    18
  Dodge: Dodged            |    40 |    23 ||    63
  Block: Buckler           |    23 |    11 ||    34

Levels and vault maps discovered:
D:1:      amcnicky_arrival_choice, layout_basic, serial_shops, shop
D:2:      layout_basic
D:3:      layout_basic
D:4:      layout_loops_cross, serial_shops, nicolae_diamond_shop

Notes
Turn   | Place    | Note
-------+----------+-------------------------------------------
     0 | D:1      | sanka the Minotaur Fighter began the quest for the Orb.
     0 | D:1      | Reached XP level 1. HP: 19/19 MP: 0/0
    53 | D:1      | Reached skill level 4 in Fighting
    69 | D:1      | Reached skill level 3 in Maces & Flails
    69 | D:1      | Reached XP level 2. HP: 27/27 MP: 1/1
   104 | D:1      | Found Inexuz's Distillery.
   409 | D:1      | Reached skill level 4 in Maces & Flails
   429 | D:1      | Reached XP level 3. HP: 33/33 MP: 2/2
   792 | D:2      | Identified the +3 robe of Oply {+Inv Regen+ Str+5 Stlth-}
  1631 | D:3      | Reached skill level 5 in Maces & Flails
  1631 | D:3      | Reached XP level 4. HP: 32/40 MP: 3/3
  2003 | D:3      | Paralysed by a gnoll for 5 turns
  2124 | D:3      | Reached skill level 6 in Maces & Flails
  2148 | D:3      | Reached XP level 5. HP: 46/46 MP: 4/4
  2902 | D:4      | HP: 4/46 [poisoned by a scorpion]
  2903 | D:4      | Identified 2 potions of resistance
  2904 | D:4      | Succumbed to a scorpion's poison

Vanquished Creatures
  A scorpion (D:4)
  An orc wizard (D:3)
  An adder (D:3)
  3 gnolls (D:3)
  2 ribbon worms
  A dart slug (D:3)
  3 orcs (D:3)
  4 ball pythons
  5 bats
  3 endoplasms (D:1)
  5 giant cockroaches
  6 hobgoblins
  2 jackals (D:1)
  9 kobolds
  3 quokkas
  2 frilled lizards
  8 goblins
  9 rats
68 creatures vanquished.
